 Dungeon Crawl Stone Soup version 0.28.0-47-ge53b351184 (webtiles) character file.

Game seed: 4351362680165237226

8 Exodus22XD the Covered (level 2, 27/27 HPs)
             Began as a Minotaur Fighter on May 7, 2022.
             Was a Follower of Wu Jian.
             Quit the game on level 1 of the Dungeon.
             The game lasted 00:00:51 (217 turns).

Exodus22XD the Covered (Minotaur Fighter)            Turns: 217, Time: 00:00:52

Health: 27/27      AC:  7    Str: 20    XL:     2   Next: 0%
Magic:  1/1        EV:  9    Int:  5    God:    Wu Jian [*.....]
Gold:   12         SH:  4    Dex:  9    Spells: 1/1 levels left

rFire   . . .      SeeInvis .   a - +0 war axe
rCold   . . .      Faith    .   c - +0 buckler
rNeg    . . .      Spirit   .   b - +0 scale mail
rPois   .          Reflect  .   (helmet restricted)
rElec   .          Harm     .   (no cloak)
rCorr   .          Rampage  .   (no gloves)
Will    .....                   (no boots)
Stlth   ..........              (no amulet)
HPRegen 0.09/turn               (no ring)
MPRegen 0.07/turn               (no ring)

@: no status effects
A: horns 2, retaliatory headbutt
a: Renounce Religion


You were on level 1 of the Dungeon.
You worshipped Wu Jian.
Wu Jian was aware of your devotion.
You visited 1 branch of the dungeon, and saw 1 of its levels.

You collected 12 gold pieces.

Inventory:

Hand Weapons
 a - a +0 war axe (weapon)
Armour
 b - a +0 scale mail (worn)
 c - a +0 buckler (worn)
Potions
 d - a potion of might


   Skills:
 + Level 3.8 Fighting
 + Level 2.5 Axes
 + Level 3.8 Armour
 + Level 3.8 Shields


You had one spell level left.
You didn't know any spells.
Your spell library was empty.

Dungeon Overview and Level Annotations

Branches:
Dungeon (1/15)

Altars:
Wu Jian


Innate Abilities, Weirdness & Mutations

You have a pair of horns on your head.
You reflexively headbutt those who attack you in melee.


Message History

You hit the endoplasm.
The endoplasm is severely wounded.
The endoplasm hits you but does no damage.
An endoplasm is nearby!
An endoplasm is nearby!
You hit the endoplasm.
You kill the endoplasm!
No target in view!
You now have 12 gold pieces.
Found a faded altar of an unknown god.
No target in view!
A dart slug comes into view.
The dart slug launches a dart at you. The slug dart hits you.
A bat comes into view.
Found 18 arrows.
There are monsters nearby!
There are monsters nearby!
You miss the bat. The bat hits you but does no damage. x2
The bat hits you but does no damage. The dart slug launches a dart at you.
The slug dart misses you. The bat closely misses you.
The dart slug barely misses you.
You slash the dart slug!
The dart slug is almost dead.
You slash the bat!
You kill the bat!
The dart slug barely misses you. You furiously retaliate!
You headbutt the dart slug!
You kill the dart slug!
You have reached level 2!
There is a faded altar of an unknown god here.
You cannot tell which god this altar belongs to.
Convert to them anyway?
Wu Jian accepts your prayer! The Council welcomes you!
You can now perform damaging attacks by moving towards foes.
You can now lightly attack monsters by moving around them.
Unknown command.
Press < or > to pray at altars.
Are you sure you want to abandon this character and quit the game? (Confirm with "yes".)

#...........# #...........#
######## #...........+
.......#######...........#
...........................
.######.###.....P....#####.
#..##....P♣.P..#
##.##...P♣.P♣P.#
#..#.....@P♣P##
##.#.....♣♣P.#
#.#....)P..## #.......#.##
##........# #.....(##
#......##
#.......##########
##...)..+....♣P#P##


There were no monsters in sight!

Vanquished Creatures
  A dart slug (D:1)
  An endoplasm (D:1)
  A goblin (D:1)
  A quokka (D:1)
  A bat (D:1)
  A rat (D:1)
6 creatures vanquished.

Notes
Turn   | Place    | Note
-------+----------+-------------------------------------------
     0 | D:1      | Exodus22XD the Minotaur Fighter began the quest for the
                  | Orb.
     0 | D:1      | Reached XP level 1. HP: 19/19 MP: 0/0
   167 | D:1      | Found a faded altar of an unknown god.
   205 | D:1      | Reached XP level 2. HP: 26/27 MP: 1/1
   216 | D:1      | Prayed at the altar of an unknown god.
   216 | D:1      | Became a worshipper of the Wu Jian Council
   216 | D:1      | Reached * piety under Wu Jian
   217 | D:1      | Quit the game

Illustrated notes

Levels and vault maps discovered:
D:1:      tarquinn_simple_flora_water_d, layout_basic,
          ebering_ecumenical_altar_petrified, serial_shops,
          nicolae_shop_statue_plus

Action                   || total
-------------------------++-------
Melee: War axe           ||    11
Armor: Scale mail        ||    10
Dodge: Dodged            ||     6
